 Dungeon Crawl Stone Soup version 0.31-a0-239-g0a1456f148 (webtiles) character file.

Game seed: 9189636469254341543

9210 qw the Skirmisher (level 11, -6/97 HPs)
             Began as a Minotaur Hexslinger on July 11, 2023.
             Was a Priest of Okawaru.
             Mangled by a troll (10 damage)
             ... on level 9 of the Dungeon.
             The game lasted 00:03:40 (9211 turns).

qw the Skirmisher (Minotaur Hexslinger)             Turns: 9211, Time: 00:03:40

Health: -6/97      AC: 17    Str: 14    XL:     11   Next: 20%
Magic:  12/13      EV: 19    Int: 10    God:    Okawaru [***...]
Gold:   491        SH:  0    Dex: 22    Spells: 11/12 levels left

rFire   + . .        Y - +0 orcbow
rCold   . . .        (shield currently unavailable)
rNeg    . . .        b - +3 ring mail {rF+}
rPois   +            (helmet restricted)
rElec   .            g - +0 cloak
rCorr   +            j - +2 pair of gloves {Stlth+}
SInv    .            d - +0 pair of boots
Will    .....        (no amulet)
Stlth   ++++         m - ring "Nyekut" {Drain rPois rCorr Dex+6}
HPRegen 0.36/turn    l - +4 ring of slaying {mikee}
MPRegen 0.13/turn

%: no passive effects
@: about to teleport, heroic
A: horns 2, retaliatory headbutt
a: Renounce Religion, Heroism


You were on level 9 of the Dungeon.
You worshipped Okawaru.
Okawaru was most pleased with you.
You visited 2 branches of the dungeon, and saw 11 of its levels.

You collected 491 gold pieces.


Innate Abilities, Weirdness & Mutations

You have a pair of horns on your head.
You reflexively headbutt those who attack you in melee.


   Skills:
 + Level 9.2(14.2) Fighting
 - Level 14.0(19.0) Ranged Weapons
 - Level 6.5(11.5) Armour
 - Level 7.0(12.0) Dodging
 - Level 1.0 Spellcasting
 - Level 2.0 Hexes
 - Level 4.1 Invocations


You had 11 spell levels left.
You knew the following spells:

 Your Spells              Type           Power      Damage    Failure   Level
a - Slow                  Hex            16%        N/A       26%         1

Your spell library contained the following spells:

 Spells                   Type           Power      Damage    Failure   Level
 Inner Flame              Hex/Fire       2%         N/A       75%         3
 Portal Projectile        Hex/Tloc       4%         N/A       75%         3
 Cause Fear               Hex            2%         N/A       95%         4

Inventory:

Hand Weapons
 Y - a +0 orcbow (weapon)
Armour
 b - a +3 ring mail of fire resistance (worn)
 d - a +0 pair of boots (worn)
 g - a +0 cloak (worn)
 j - a +2 pair of gloves of stealth (worn)
Jewellery
 l - a +4 ring of slaying (right hand) {mikee}
 m - the ring "Nyekut" (left hand) {Drain rPois rCorr Dex+6}
   (You acquired it on level 8 of the Dungeon)

   [ring of dexterity]

   Dex:       It affects your dexterity (+6).
   rPois:     It protects you from poison.
   rCorr:     It protects you from acid and corrosion.
   Drain:     It drains your maximum health when unequipped.
Wands
 i - a wand of digging (3)
Scrolls
 a - 2 scrolls of teleportation
 f - 2 scrolls of identify
Potions
 e - a potion of resistance
 h - a potion of magic
 k - a potion of cancellation

Dungeon Overview and Level Annotations

Branches:
Dungeon (10/15)            Temple (1/1) D:6
   Lair: D:8-11         Orc: D:9-12

Altars:
Ashenzari
Cheibriados
Dithmenos
Fedhas
Gozag
Hepliaklqana
Kikubaaqudgha
Makhleb
Nemelex Xobeh
Okawaru
Qazlal
Ru
Sif Muna
Trog
Uskayaw
Vehumet
Wu Jian
Zin
The Shining One

Shops:
D:3 =

Annotations:
D:6 1 runed translucent door
D:7 2 transporters, qw's ghost, novice MiHs
D:10 Erolcha; Fannar; Joseph


Message History

Fannar freezes you. The troll bites you. The troll claws you!
The troll claws you but does no damage.
Joseph shoots a sling bullet.
The sling bullet hits you but does no damage.
You shoot an arrow. The arrow closely misses Fannar.
Erolcha casts a spell.
Erolcha flickers and vanishes!
Deactivating autopickup; reactivate with Ctrl-A.
The troll completely misses you. The troll claws you! The troll misses you.
Joseph shoots a sling bullet.
The sling bullet misses you.
You shoot an arrow. The arrow hits the ice beast!!
The ice beast is almost dead.
The troll bites you. The troll claws you! The troll misses you.
9206 ||| STAIRDANCE Joseph shouts, "You will never get the ORB!"
Joseph shoots a sling bullet.
The ice beast barely misses you. You furiously retaliate!
You headbutt the ice beast!
You kill the ice beast!
The ice beast disappears in a puff of smoke!
The troll bites you! The troll completely misses you.
The troll closely misses you. Something closely misses you.
You climb upwards.
Reactivating autopickup.
There is a stone staircase leading down here.
You shoot an arrow. The arrow hits the troll!
The troll is moderately wounded.
You shoot an arrow. The arrow barely misses the troll.
The troll bites you! The troll claws you but does no damage.
The troll barely misses you. Something hits you but does no damage.
Deactivating autopickup; reactivate with Ctrl-A.
Autopickup is now on.
9210 ||| READING 3 scrolls of teleportation.
As you read the scroll of teleportation, it crumbles to dust.
You feel strangely unstable. The troll bites you. The troll misses you.
The troll claws you but does no damage.
You shoot an arrow. The arrow hits the troll!!
The troll is severely wounded.
Something closely misses you. The troll bites you. The troll claws you.
The troll claws you!
You die...

#..####.....................¤¤.¤
#....<.......>...........(.¤¤¤¤¤
##.........../...............¤¤¤¤
....####......................¤¤¤
.:..# #........................¤
##..####.........................
#..####............######..#####
#..####.......T....# #..# #
#..............@...# #..# #
##........########..######..# #
....####..###### #........).# #
....####..###### #..........# #
##..####..###### #..######..# #
#..####..###### #..# #..# #
#..####..###### #..# #..# #
#..####..###### #..# #..# #
#..####..###### #..# #..# #


You could see a troll.

Vanquished Creatures
  Erica (D:8)
  A two-headed ogre (D:8)
  Amaemon (D:8)
  Pikel (D:4)
  Maurice (D:8)
  An orange demon (D:8)
  4 unseen horror zombies (D:9)
  Psyche (D:9)
  Sigmund (D:6)
  6 yaks (D:8)
  3 wyverns
  A steam dragon (D:7)
  An acid dragon (D:8)
  A water moccasin (D:8)
  2 ice beasts (D:7)
  4 orc warriors
  2 black bears
  2 ogres
  A wolf (D:7)
  3 lemures (D:4)
  2 centaurs
  2 phantoms
  Blork the orc (D:4)
  A kobold brigand (D:6)
  2 bullfrogs
  4 scorpions
  2 gnoll sergeants
  A wyvern zombie (D:9)
  4 wights (D:9)
  3 jellies
  A gnoll bouda (D:7)
  5 orc priests
  8 hounds
  2 iguanas
  Terence (D:2)
  10 orc wizards
  A howler monkey zombie (D:9)
  7 adders
  21 gnolls
  A shadow imp (D:5)
  2 white imps
  An ufetubus (D:6)
  2 worms (D:2)
  A dart slug (D:2)
  30 orcs
  3 ball pythons
  6 endoplasms
  4 giant cockroaches
  5 goblins
  6 hobgoblins
  6 jackals
  7 kobolds
  A quokka (D:3)
  8 bats
  A frilled lizard (D:1)
  6 rats
206 creatures vanquished.

Vanquished Creatures (others)
  An orc wizard (D:6)
1 creature vanquished.

Grand Total: 207 creatures vanquished

Notes
Turn   | Place    | Note
-------+----------+-------------------------------------------
     0 | D:1      | qw the Minotaur Hexslinger began the quest for the Orb.
     0 | D:1      | Reached XP level 1. HP: 16/16 MP: 1/1
     0 | D:1      | 0 ||| qw: Version: 0.3-a-52-g30416fa
     0 | D:1      | 0 ||| qw: Game counter: 5939
     0 | D:1      | 0 ||| qw: Melee chars always use a shield: true
     0 | D:1      | 0 ||| qw: God list: Okawaru
     0 | D:1      | 0 ||| qw: Allow faded altars: false
     0 | D:1      | 0 ||| qw: Do Orc after clearing Dungeon:15 true
     0 | D:1      | 0 ||| qw: Do second Lair branch before Depths: true
     0 | D:1      | 0 ||| qw: Lair rune preference: random
     0 | D:1      | 0 ||| qw: Goals: Normal
     0 | D:1      | 0 ||| PLANNING D:1-11
   217 | D:1      | Reached skill level 3 in Ranged Weapons
   269 | D:1      | Reached XP level 2. HP: 23/23 MP: 2/2
   754 | D:1      | 754 ||| READING scroll labelled DOSSUE ZUCUFUBI.
   755 | D:1      | 755 ||| READING scroll labelled YHEYT JUEKK.
   756 | D:1      | 756 ||| READING scroll labelled IKLOVI RETTO.
   757 | D:1      | 757 ||| READING scroll labelled AMOOFU DUOV.
   760 | D:1      | 760 ||| DROPPING scroll of poison.
   904 | D:2      | Reached XP level 3. HP: 27/29 MP: 3/3
   930 | D:2      | Reached skill level 4 in Ranged Weapons
   964 | D:2      | 964 ||| FLEEEEING.
   965 | D:2      | 965 ||| FLEEEEING.
   980 | D:2      | 980 ||| FLEEEEING.
  1032 | D:2      | Found a faded altar of an unknown god.
  1119 | D:2      | Reached XP level 4. HP: 36/36 MP: 4/4
  1131 | D:2      | Reached skill level 5 in Ranged Weapons
  1287 | D:2      | Noticed an ogre
  1299 | D:2      | Killed an ogre
  1300 | D:2      | Reached XP level 5. HP: 28/46 MP: 5/5
  1347 | D:2      | Noticed Terence
  1348 | D:2      | 1348 ||| FLEEEEING.
  1349 | D:2      | 1349 ||| FLEEEEING.
  1350 | D:2      | 1350 ||| FLEEEEING.
  1379 | D:2      | Killed Terence
  1850 | D:2      | 1850 ||| UPGRADING to +3 ring mail of fire resistance.
  1860 | D:2      | 1860 ||| DROPPING +0 robe.
  1861 | D:2      | 1861 ||| DRINKING 2 silvery potions.
  1922 | D:3      | Found Ybbynen's Jewellery Boutique.
  1927 | D:3      | 1927 ||| SHOPLISTING +4 ring of protection (468 gold, have
                  | 51).
  1927 | D:3      | 1927 ||| SHOPLISTING +6 ring of dexterity (468 gold, have
                  | 51).
  1927 | D:3      | 1927 ||| SHOPLISTING +6 ring of strength (468 gold, have
                  | 51).
  1927 | D:3      | 1927 ||| SHOPLISTING amulet of regeneration (390 gold, have
                  | 51).
  1927 | D:3      | 1927 ||| SHOPLISTING ring "Moihoph" {Fly rPois rC+ Str+6
                  | Stlth+} (768 gold, have 51).
  1927 | D:3      | 1927 ||| SHOPLISTING ring of positive energy (260 gold,
                  | have 51).
  2130 | D:3      | Found a hazy altar of Hepliaklqana.
  2168 | D:3      | Reached skill level 1 in Armour
  2506 | D:3      | Found a hide-covered altar of Uskayaw.
  2506 | D:3      | Found a stormy altar of Qazlal.
  2692 | D:3      | 2692 ||| UPGRADING to +4 ring of slaying {mikee}.
  2693 | D:3      | 2693 ||| READING scroll labelled JASAHU YMPU.
  2694 | D:3      | 2694 ||| READING 2 scrolls of identify.
  2694 | D:3      | 2694 ||| IDENTIFYING fuming coppery potion
  2695 | D:3      | 2695 ||| DROPPING potion of attraction.
  2742 | D:4      | 2742 ||| STAIRDANCE
  2747 | D:3      | Reached XP level 6. HP: 34/52 MP: 6/6
  2877 | D:4      | Noticed Pikel
  2882 | D:4      | Reached skill level 6 in Ranged Weapons
  2894 | D:4      | HP: 12/52 [Pikel/+2 whip of freezing (2)]
  2895 | D:4      | 2895 ||| READING scroll of teleportation.
  2896 | D:4      | 2896 ||| DRINKING potion of heal wounds.
  3284 | D:4      | Noticed Blork the orc
  3290 | D:4      | Killed Blork the orc
  3291 | D:4      | Reached skill level 7 in Ranged Weapons
  3361 | D:4      | HP: 12/52 [lemure[Pikel] (2)]
  3362 | D:4      | 3362 ||| READING scroll of teleportation.
  3363 | D:4      | HP: 5/52 [Pikel/+2 whip of freezing (7)]
  3411 | D:4      | 3411 ||| FLEEEEING.
  3412 | D:4      | 3412 ||| FLEEEEING.
  3416 | D:4      | 3416 ||| FLEEEEING.
  3417 | D:4      | 3417 ||| STAIRDANCE
  3532 | D:3      | 3532 ||| READING scroll labelled DIEFAHE XYPSOT.
  3533 | D:3      | 3533 ||| READING scroll labelled TODIHEC MEZAH.
  3534 | D:3      | 3534 ||| DRINKING 2 smoky red potions.
  3544 | D:3      | 3544 ||| DROPPING potion of ambrosia.
  3573 | D:4      | Killed Pikel
  3574 | D:4      | Reached skill level 9 in Ranged Weapons
  3574 | D:4      | Reached XP level 7. HP: 26/59 MP: 7/7
  4141 | D:4      | 4141 ||| DRINKING 2 golden potions.
  4167 | D:5      | Entered Level 5 of the Dungeon
  4246 | D:5      | Reached XP level 8. HP: 69/69 MP: 8/8
  4258 | D:5      | Reached skill level 6 in Fighting
  4388 | D:5      | Reached skill level 3 in Dodging
  4797 | D:5      | Identified the +6 scale mail of Nosootih {Int+2}
  4916 | D:5      | Found a sacrificial altar of Ru.
  5004 | D:5      | 5004 ||| UPGRADING to +0 pair of boots.
  5009 | D:5      | 5009 ||| READING 3 scrolls of identify.
  5009 | D:5      | 5009 ||| IDENTIFYING orange potion
  5010 | D:5      | 5010 ||| READING 2 scrolls of identify.
  5010 | D:5      | 5010 ||| IDENTIFYING fuming green potion
  5011 | D:5      | 5011 ||| DROPPING potion of lignification.
  5065 | D:6      | Noticed Sigmund
  5069 | D:6      | 5069 ||| DRINKING 2 potions of curing.
  5069 | D:6      | 5069 ||| (to cure confusion)
  5074 | D:6      | Killed Sigmund
  5174 | D:6      | Reached skill level 10 in Ranged Weapons
  5258 | D:6      | Found a shimmering blue altar of Sif Muna.
  5279 | D:6      | 5279 ||| UPGRADING to +0 cloak.
  5287 | D:6      | 5287 ||| DRINKING potion of curing.
  5287 | D:6      | 5287 ||| (to cure confusion)
  5316 | D:6      | Found a staircase to the Ecumenical Temple.
  5317 | D:6      | 5317 ||| PLANNING TEMPLE
  5322 | Temple   | Entered the Ecumenical Temple
  5508 | Temple   | 5508 ||| PLANNING D:1-11
  5554 | D:6      | 5554 ||| Stepping ~*~*~tactically~*~*~ (outnumbered).
  5561 | D:6      | Reached skill level 3 in Armour
  5659 | D:6      | Found a runed translucent door.
  5667 | D:6      | Found an ornate altar of the Wu Jian Council.
  5700 | D:6      | 5700 ||| READING scroll of enchant weapon.
  5700 | D:6      | 5700 ||| ENCHANTING +2 sling.
  5743 | D:6      | Reached XP level 9. HP: 72/79 MP: 9/9
  5828 | D:6      | 5828 ||| Stepping ~*~*~tactically~*~*~ (outnumbered).
  6099 | D:6      | Identified the +3 lajatang "Aneicrae" {drain, rElec rC++
                  | MP+9 Int+3}
  6281 | D:6      | Identified the +2 ring mail of the Morning {rF+ Str+3}
  6532 | D:6      | 6532 ||| DROPPING +2 ring mail of the Morning {rF+ Str+3}.
  6533 | D:6      | 6533 ||| READING scroll labelled XAGUOTZ OTETI.
  6534 | D:6      | 6534 ||| READING scroll labelled LACEL ENERIOB.
  6535 | D:6      | 6535 ||| READING scroll labelled ZAIGYC YRYMUTAIXZU.
  6536 | D:6      | 6536 ||| READING scroll labelled HEOWUA EKUPP.
  6568 | D:7      | Found an iron altar of Okawaru.
  6569 | D:7      | 6569 ||| PLANNING OKAWARU WORSHIP
  6575 | D:7      | Became a worshipper of Warmaster Okawaru
  6576 | D:7      | 6576 ||| PLANNING D:1-11
  6608 | D:7      | Reached skill level 11 in Ranged Weapons
  6837 | D:7      | Found a transporter.
  6837 | D:7      | Noticed a moth of wrath
  6837 | D:7      | Noticed qw's ghost (novice MiHs)
  6860 | D:7      | Found a transporter.
  6883 | D:7      | Reached * piety under Okawaru
  6884 | D:7      | Reached skill level 12 in Ranged Weapons
  7074 | D:7      | Reached skill level 1 in Invocations
  7123 | D:7      | 7123 ||| FLEEEEING.
  7124 | D:7      | 7124 ||| FLEEEEING.
  7125 | D:7      | 7125 ||| FLEEEEING.
  7126 | D:7      | 7126 ||| FLEEEEING.
  7127 | D:7      | 7127 ||| FLEEEEING.
  7128 | D:7      | 7128 ||| FLEEEEING.
  7129 | D:7      | 7129 ||| FLEEEEING.
  7130 | D:7      | 7130 ||| FLEEEEING.
  7131 | D:7      | 7131 ||| FLEEEEING.
  7132 | D:7      | 7132 ||| FLEEEEING.
  7133 | D:7      | 7133 ||| FLEEEEING.
  7134 | D:7      | 7134 ||| FLEEEEING.
  7135 | D:7      | 7135 ||| FLEEEEING.
  7136 | D:7      | 7136 ||| FLEEEEING.
  7137 | D:7      | 7137 ||| FLEEEEING.
  7181 | D:7      | 7181 ||| Stepping ~*~*~tactically~*~*~ (outnumbered).
  7182 | D:7      | 7182 ||| INVOKING Heroism.
  7242 | D:7      | 7242 ||| UPGRADING to +2 pair of gloves of stealth.
  7247 | D:7      | 7247 ||| UPGRADING to ring of resist corrosion.
  7265 | D:8      | 7265 ||| PLANNING OSSUARY
  7349 | D:8      | 7349 ||| INVOKING Heroism.
  7429 | D:8      | Noticed Maurice
  7436 | D:8      | Killed Maurice
  7437 | D:8      | Reached skill level 3 in Invocations
  7444 | D:8      | Reached XP level 10. HP: 86/88 MP: 11/11
  7454 | D:8      | 7454 ||| INVOKING Heroism.
  7467 | D:8      | HP: 22/88 [yak (8)]
  7468 | D:8      | 7468 ||| READING 2 scrolls of teleportation.
  7468 | D:8      | HP: 9/88 [yak (13)]
  7469 | D:8      | 7469 ||| DRINKING potion of heal wounds.
  7669 | D:8      | Noticed Amaemon
  7670 | D:8      | 7670 ||| INVOKING Heroism.
  7671 | D:8      | Noticed an orange demon
  7672 | D:8      | 7672 ||| Stepping ~*~*~tactically~*~*~ (outnumbered).
  7686 | D:8      | Killed Amaemon
  7687 | D:8      | Reached skill level 13 in Ranged Weapons
  7690 | D:8      | Killed an orange demon
  7690 | D:8      | Reached ** piety under Okawaru
  7768 | D:8      | 7768 ||| Stepping ~*~*~tactically~*~*~ (outnumbered).
  7770 | D:8      | 7770 ||| Stepping ~*~*~tactically~*~*~ (outnumbered).
  7785 | D:8      | 7785 ||| INVOKING Heroism.
  7789 | D:8      | Reached skill level 9 in Fighting
  7865 | D:8      | Found a broken altar of Ashenzari.
  7866 | D:8      | Noticed Erica
  7867 | D:8      | 7867 ||| INVOKING Heroism.
  7881 | D:8      | 7881 ||| DRINKING potion of curing.
  7881 | D:8      | 7881 ||| (to cure confusion)
  7882 | D:8      | Killed Erica
  7883 | D:8      | Reached skill level 6 in Dodging
  7939 | D:8      | 7939 ||| RIP OSSUARY
  7941 | D:8      | 7941 ||| PLANNING D:1-11
  7979 | D:8      | Noticed a two-headed ogre
  7980 | D:8      | 7980 ||| INVOKING Heroism.
  7988 | D:8      | Killed a two-headed ogre
  7989 | D:8      | Reached skill level 6 in Armour
  8382 | D:8      | 8382 ||| DROPPING amulet of magic regeneration.
  8383 | D:8      | 8383 ||| READING scroll labelled APRON EJUIGU.
  8383 | D:8      | Identified a scroll of acquirement
  8383 | D:8      | 8383 ||| ACQUIRING ring "Nyekut" {Drain rPois rCorr Dex+6}
  8383 | D:8      | Acquired the ring "Nyekut" {Drain rPois rCorr Dex+6}
  8385 | D:8      | 8385 ||| UPGRADING to ring "Nyekut" {Drain rPois rCorr
                  | Dex+6}.
  8387 | D:8      | 8387 ||| REMOVING ring of resist corrosion.
  8388 | D:8      | 8388 ||| DROPPING ring of resist corrosion.
  8389 | D:8      | 8389 ||| UPGRADING to +4 ring of slaying {mikee}.
  8390 | D:8      | 8390 ||| READING 3 scrolls of identify.
  8390 | D:8      | 8390 ||| IDENTIFYING fizzy grey potion
  8391 | D:8      | 8391 ||| READING 2 scrolls of identify.
  8391 | D:8      | 8391 ||| IDENTIFYING murky ruby potion
  8392 | D:8      | 8392 ||| DROPPING potion of degeneration.
  8427 | D:9      | Reached *** piety under Okawaru
  8507 | D:9      | 8507 ||| INVOKING Heroism.
  8538 | D:9      | Noticed Psyche
  8539 | D:9      | 8539 ||| INVOKING Heroism.
  8546 | D:9      | Killed Psyche
  8547 | D:9      | Reached XP level 11. HP: 97/97 MP: 10/13
  8817 | D:9      | 8817 ||| Stepping ~*~*~tactically~*~*~ (outnumbered).
  8819 | D:9      | 8819 ||| INVOKING Heroism.
  8834 | D:9      | Reached skill level 14 in Ranged Weapons
  8989 | D:9      | 8989 ||| SWAPPING to +0 orcbow.
  8992 | D:9      | 8992 ||| DROPPING +3 sling of freezing.
  9005 | D:9      | 9005 ||| INVOKING Heroism.
  9181 | D:9      | 9181 ||| READING scroll labelled DADOYV TUIBB.
  9182 | D:9      | 9182 ||| READING 3 scrolls of identify.
  9182 | D:9      | 9182 ||| IDENTIFYING white potion
  9194 | D:10     | Entered Level 10 of the Dungeon
  9194 | D:10     | Noticed Joseph
  9194 | D:10     | Noticed Fannar
  9197 | D:10     | Noticed Erolcha
  9198 | D:10     | 9198 ||| INVOKING Heroism.
  9206 | D:10     | 9206 ||| STAIRDANCE
  9209 | D:9      | HP: 18/97 [troll (12)]
  9210 | D:9      | 9210 ||| READING 3 scrolls of teleportation.
  9211 | D:9      | HP: 8/97 [troll (5)]
  9211 | D:9      | Mangled by a troll

Levels and vault maps discovered:
D:1:      elethiomel_arrival_quiet, layout_basic
D:2:      layout_loops_corners, dreamdust_ecumenical_altar_statues,
          minmay_fractal_squares_5, uniq_terence
D:3:      minmay_wonky_spiral, layout_basic,
          mainiacjoe_overflow_concentric_impassable,
          gammafunk_temple_overflow_pools, serial_corexii_hall,
          corexii_hall_statues_i, corexii_hall_statues_i, serial_shops, shop
D:4:      layout_basic, patterned_corridor, uniq_blork_the_orc, uniq_pikel
D:5:      layout_cave_pods, kennysheep_mini_moat
D:6:      kennysheep_six_static_rooms, layout_loops_ring,
          kennysheep_orc_sif_temple, general_overflow_altar, temple_green,
          lightli_church_of_beogh, uniq_sigmund
D:7:      layout_cave_pools, overflow_temple_1_default, serial_gnoll_camp,
          gnoll_camp_mini_loothouse, gnoll_camp_mini_basic,
          gnoll_camp_mini_doghouse, gnoll_camp_mini_house,
          gammafunk_ghost_berserking_beasts
D:8:      layout_loops_cross, lemuel_tele_altar, enter_ossuary_5, uniq_amaemon,
          uniq_maurice, uniq_erica
D:9:      layout_small_grid, serial_undead, serial_undead_c, serial_undead_f,
          serial_undead_f, serial_undead_c, nicolae_wwwww, uniq_psyche
D:10:     layout_rooms, lemuel_round_altar, mainiacjoe_overflow_surrounded_room,
          mainiacjoe_overflow_small_starburst, abandoned_shop, uniq_joseph,
          uniq_fannar, uniq_erolcha, uniq_lodul
Temple:   grunt_temple_mini_profane

Skill      XL: |  1  2  3  4  5  6  7  8  9 10 11 |
---------------+----------------------------------+-----
Ranged Weapons | 3 4 5 9 10 12 13 14 | 14.0
Fighting       | 2 4 5 7 9 |  9.2
Armour         | 1 3 4 6 |  6.5
Dodging        | 3 4 6 7 |  7.0
Invocations    | 3 4 |  4.1
Spellcasting   | |  1.0
Hexes          | |  2.0

Action                     |  1- 3 |  4- 6 |  7- 9 | 10-12 || total
---------------------------+-------+-------+-------+-------++-------
   Fire: Sling             |   116 |   171 |   295 |   162 ||   744
         Orcbow            |       |       |       |    32 ||    32
 Invoke: Heroism           |       |       |     2 |    10 ||    12
    Use: Scroll            |     4 |     6 |     7 |     7 ||    24
         Potion            |       |     3 |     3 |     2 ||     8
 Armour: Robe              |     8 |       |       |       ||     8
         Ring mail         |       |    34 |    57 |    46 ||   137
  Dodge: Dodged            |    40 |    54 |    48 |    91 ||   233

Table legend:
 A = Non-vault XP
 B = Vault XP
 C = Vault XP percentage of total XP
 D = Non-vault monster count
 E = Vault monster count
 F = Vault count percentage of total count
                 A         B        C        D         E       F
            +---------+---------+-------+---------+---------+-------
      Total |    6370 |    6788 |  51.6 |     142 |      61 |  30.0
            +---------+---------+-------+---------+---------+-------
        D:1 |      39 |       0 |   0.0 |      23 |       0 |   0.0
        D:2 |     193 |      83 |  30.1 |      15 |      10 |  40.0
        D:3 |      36 |      47 |  56.6 |       6 |       4 |  40.0
        D:4 |     282 |     677 |  70.6 |      20 |       2 |   9.1
        D:5 |     466 |       0 |   0.0 |      10 |       0 |   0.0
        D:6 |     514 |     708 |  57.9 |      13 |      11 |  45.8
        D:7 |    1015 |     583 |  36.5 |      17 |      19 |  52.8
        D:8 |    2715 |    2506 |  48.0 |      21 |       4 |  16.0
        D:9 |     790 |    2184 |  73.4 |      15 |      11 |  42.3
       D:10 |     320 |       0 |   0.0 |       2 |       0 |   0.0
            +---------+---------+-------+---------+---------+-------
